 Dungeon Crawl Stone Soup version 0.18.1-48-g4cf74bf (webtiles) character file.

124 atro the Skirmisher (level 4, -7/37 HPs)
             Began as a Demonspawn Abyssal Knight on Aug 11, 2016.
             Was a Believer of Lugonu.
             Killed by nerve-wracking pain
             ... invoked by an orc priest
              (9 damage)
             ... on level 3 of the Dungeon.
             The game lasted 00:20:08 (2979 turns).

atro the Skirmisher (Demonspawn Abyssal Knight)     Turns: 2979, Time: 00:20:09

Health: -7/37      AC:  8    Str: 13    XL:     4   Next: 81%
Magic:  5/5        EV:  3    Int: 14    God:    Lugonu [**....]
Gold:   114        SH:  7    Dex: 12    Spells: 0 memorised, 3 levels left

rFire  . . .     SeeInvis .     a - +1 hand axe
rCold  . . .     Gourm    .     u - +0 chain mail {rN+}
rNeg   + . .     Faith    .     l - +0 shield
rPois  .         Spirit   .     (no helmet)
rElec  .         Dismiss  .     (no cloak)
rCorr  .         Reflect  .     (no gloves)
SustAt .         Harm     .     (no boots)
MR     .....                    (no amulet)
Stlth  ..........               (no ring)
                                m - ring of stealth

@: not resistant to hostile enchantments, extremely unstealthy
A: talons 2, rot immunity
a: Depart the Abyss, Bend Space, Renounce Religion


You were on level 3 of the Dungeon.
You worshipped Lugonu.
Lugonu was pleased with you.
You were very hungry.

You visited 1 branch of the dungeon, and saw 3 of its levels.
You visited the Abyss 1 time.

You collected 114 gold pieces.

Inventory:

Hand Weapons
 a - a +1 hand axe (weapon)
 t - a +0 flail
Armour
 b - a +0 leather armour
 d - a +0 ring mail
 l - a +0 shield (worn)
 s - a +0 ring mail
 u - a +0 chain mail of positive energy (worn)
Jewellery
 m - a ring of stealth (left hand)
Wands
 v - a wand of polymorph (20/24)
Scrolls
 e - 4 scrolls of teleportation {unknown}
 g - 2 scrolls of identify {unknown}
 j - 2 scrolls of remove curse {unknown}
 n - a scroll of noise {unknown}
 o - 2 scrolls of random uselessness {unknown}
 p - a scroll of fog {unknown}
Potions
 f - a potion of lignification {unknown}
 i - 2 potions of curing
 q - a potion of flight {unknown}
 r - a potion of magic {unknown}
 w - 2 potions of brilliance {unknown}
Comestibles
 c - 4 bread rations
 h - a meat ration
 k - 2 fruits
 x - a chunk of flesh


   Skills:
 + Level 3.7 Fighting
 * Level 2.4 Axes
 + Level 2.7 Armour
 + Level 1.9 Dodging
 + Level 1.1 Shields
 + Level 2.5 Invocations


You had 3 spell levels left.
You didn't know any spells.

Dungeon Overview and Level Annotations

Branches:
Dungeon (3/15)

Altars:
Cheibriados
Nemelex Xobeh


Innate Abilities, Weirdness & Mutations

You have razor-sharp toenails.
You are immune to rotting.


Message History

You barely miss the orc.
The orc is moderately wounded.
The orc priest mumbles some strange prayers to Beogh against you.
Beogh smites you!
* * * LOW HITPOINT WARNING * * *
You block the orc's attack.
You hit the orc.
You kill the orc!
Lugonu accepts your kill. The orc hits you but does no damage.
You closely miss the orc. The orc hits you but does no damage.
Drink which item? (? for menu, Esc to quit)
Okay, then.
You hit the orc but do no damage. Your kick misses the orc.
The orc barely misses you.
You hit the orc. Your kick misses the orc.
The orc is severely wounded.
The orc priest mumbles some strange prayers to Beogh against you.
Pain shoots through your body!
You die...

#.# #... #.###..### ## #
#......#.. .. # #......#.##. '
#......#... .# #
.######.###..#..####### .# #
.............#..... ..... #
##).....#.#..#####.#.## #
##........o@.....#.. .
#.......#..#.#.###.#.#
#.......#.o....###.#.# #
#.......#.#...)......#####
#.#.##)####.#..#.###.#......
#.#.#. #.#. #.#..........##.##
#.#...##.#.##)#...####.#.##.####
.........#....#...#.o..#+##.##..
#........#.#<.#...#o......#.##..


You could see an orc priest and an orc.

Vanquished Creatures
  6 adders
  2 oozes (D:2)
  2 worms
  2 dart slugs
  A giant gecko (D:3)
  7 orcs (D:3)
  5 bats
  2 goblins
  3 hobgoblins
  7 kobolds
  4 giant newts
  8 rats
49 creatures vanquished.

Notes
Turn   | Place    | Note
--------------------------------------------------------------
     0 | Abyss:1  | atro the Demonspawn Abyssal Knight began the quest for the Orb.
     0 | Abyss:1  | Reached XP level 1. HP: 18/18 MP: 2/2
     4 | D:1      | Escaped the Abyss
    26 | D:1      | Reached skill level 1 in Dodging
   265 | D:1      | Reached * piety under Lugonu
   265 | D:1      | Gained mutation: You have sharp toenails. [demonic ancestry]
   265 | D:1      | Reached XP level 2. HP: 24/24 MP: 3/3
   823 | D:2      | Gained mutation: You are immune to rotting. [demonic ancestry]
   823 | D:2      | Reached XP level 3. HP: 16/29 MP: 4/4
  1322 | D:2      | HP: 1/29 [worm (9)]
  2179 | D:3      | Gained mutation: You have razor-sharp toenails. [demonic ancestry]
  2179 | D:3      | Reached XP level 4. HP: 3/36 MP: 5/5
  2179 | D:3      | HP: 1/36 [poisoned by an adder]
  2620 | D:3      | Reached ** piety under Lugonu
  2701 | D:3      | Found a snail-covered altar of Cheibriados.
  2801 | D:3      | Found a sparkling altar of Nemelex Xobeh.
  2839 | D:3      | Reached skill level 1 in Shields
  2970 | D:3      | HP: 1/37 [orc priest/divine providence (12)]
  2979 | D:3      | Killed from afar by an orc priest

Skill      XL: |  1  2  3  4 |
---------------+-------------+-----
Dodging        | 1 |  1.9
Armour         | 2 |  2.7
Axes           | 2 |  2.4
Shields        | 1 |  1.1
Fighting       | |  3.7
Invocations    | |  2.5

Action                   |  1- 3 |  4- 6 || total
-------------------------+-------+-------++-------
Melee: Hand axe          |   134 |    92 ||   226
       Kick              |    17 |    18 ||    35
Invok: Depart the Abyss  |     1 |       ||     1
  Use: Potion            |       |     2 ||     2
  Eat: Meat ration       |     1 |       ||     1
       Chunk             |     1 |       ||     1
Armor: Ring mail         |    62 |     7 ||    69
       Chain mail        |       |    34 ||    34
Dodge: Dodged            |    73 |     9 ||    82
Block: Shield            |    33 |    38 ||    71
